 Dungeon Crawl Stone Soup version 0.22.1 (webtiles) character file.

14969 n0claF the Markscentaur (level 11, -2/99 HPs)
             Began as a Centaur Hunter on Sept 18, 2018.
             Was a High Priest of Okawaru.
             Splashed by a brown ugly thing's acid (10 damage)
             ... on level 12 of the Dungeon.
             The game lasted 00:47:21 (11733 turns).

n0claF the Markscentaur (Centaur Hunter)           Turns: 11733, Time: 00:47:22

Health: -2/99      AC: -10   Str: 16    XL:     11   Next: 95%
Magic:  11/11      EV: 13    Int: 10    God:    Okawaru [*****.]
Gold:   527        SH:  0    Dex: 12    Spells: 10/10 levels left

rFire    . . .     SeeInvis +   a - +2 shortbow
rCold    + . .     Gourm    .   (shield currently unavailable)
rNeg     . . .     Faith    +   S - +2 robe "Moss" {Regen+ SInv}
rPois    .         Spirit   .   E - +2 helmet
rElec    .         Reflect  .   (no cloak)
rCorr    .         Harm     .   y - +0 pair of gloves
MR       .....                  (no barding)
Stlth    +.........             D - amulet of faith {!P}
HPRegen  0.66/turn              (no ring)
MPRegen  0.12/turn              l - ring of protection from cold

@: corroded, very quick
A: large, hooves 3, deformed body, speed 2, tough skin 3
a: Heroism, Finesse, Renounce Religion


You were on level 12 of the Dungeon.
You worshipped Okawaru.
Okawaru was extremely pleased with you.
You were not hungry.

You visited 1 branch of the dungeon, and saw 12 of its levels.

You collected 786 gold pieces.
You spent 259 gold pieces at shops.

Inventory:

Hand Weapons
 a - a +2 shortbow (weapon)
 Q - a +0 spear of piercing
   (Okawaru gifted it to you on level 11 of the Dungeon)
Missiles
 d - 89 arrows (quivered)
 n - 112 bolts
 I - a throwing net {!f}
Armour
 x - the +1 robe "Hacoush" {Slay+6}
   (You found it on level 4 of the Dungeon)

   It affects your accuracy and damage with ranged weapons and melee attacks
   (+6).
 y - a +0 pair of gloves (worn)
   (You found it on level 9 of the Dungeon)
 E - a +2 helmet (worn)
   (You found it on level 7 of the Dungeon)
 G - a +3 leather armour of cold resistance
   (You took it off Joseph on level 7 of the Dungeon)
 S - the +2 robe "Moss" (worn) {Regen+ SInv}
   (Okawaru gifted it to you on level 12 of the Dungeon)

   It lets you see invisible.
   It increases your rate of regeneration.
Jewellery
 l - a ring of protection from cold (right hand)
   (You found it on level 1 of the Dungeon)
 D - an amulet of faith (around neck) {!P}
   (You found it on level 5 of the Dungeon)
Wands
 C - a wand of polymorph (13)
   (You found it on level 9 of the Dungeon)
Scrolls
 f - a scroll of immolation {!r}
 j - 2 scrolls of magic mapping
 o - a scroll of fear
 p - 10 scrolls of remove curse {@r2}
 s - a scroll of enchant weapon
 t - a scroll of fog
 u - 3 scrolls of amnesia
 w - 4 scrolls of identify {@r1}
 A - 2 scrolls of teleportation {@r4}
 B - 2 scrolls of blinking
 L - a scroll of vulnerability {!r}
 P - a scroll of torment {unknown}
 R - a scroll of enchant armour {unknown}
Potions
 b - 4 potions of curing {@q1}
 c - a potion of flight
 g - 2 potions of degeneration {!q!d}
 i - 3 potions of brilliance
 k - 2 potions of haste {@q3}
 m - a potion of berserk rage
 q - 2 potions of agility
 r - a potion of might
 v - 3 potions of cancellation
 z - 3 potions of lignification {!q}
 H - a potion of resistance {unknown}
 J - a potion of mutation {unknown}
 K - a potion of invisibility {unknown}
 M - a potion of magic
 O - a potion of ambrosia {unknown}
Miscellaneous
 F - a crystal ball of energy
   (You found it on level 9 of the Dungeon)
Comestibles
 e - 21 rations {!d}
 N - 15 chunks of flesh


   Skills:
 + Level 10.0 Fighting
 * Level 17.3 Bows
 + Level 7.7 Dodging
 - Level 0.4 Stealth


You had 10 spell levels left.
You didn't know any spells.
Your spell library contained the following spells:

 Spells                   Type           Power        Failure   Level  Hunger
 Animate Skeleton         Necr           N/A          36%         1    ##.....
 Apportation              Tloc           #.....       36%         1    ##.....
 Confusing Touch          Hex            #.....       36%         1    ##.....
 Pain                     Necr           #...         36%         1    ##.....
 Summon Small Mammal      Summ           #...         36%         1    ##.....
 Regeneration             Chrm/Necr      #.........   75%         3    ####...
 Vampiric Draining        Necr           #.........   75%         3    ####...
 Animate Dead             Necr           N/A          98%         4    #####..


Dungeon Overview and Level Annotations

Branches:
Dungeon (12/15)            Temple (0/1) D:5            Lair (0/6) D:9
    Orc (0/2) D:10

Altars:
Ashenzari
Cheibriados
Dithmenos
Gozag
Nemelex Xobeh
Okawaru
Qazlal
Ru
Uskayaw
Vehumet
Xom
Yredelemnul
The Shining One

Shops:
D:6 :   D:9 ?   D:12 (


Innate Abilities, Weirdness & Mutations

You have hooves in place of feet.
Armour fits poorly on your strangely shaped body.
You cover ground very quickly.
You have extremely tough skin. (AC +3)


Message History

Items here: )) [ ÷ an enchanted whip; a flail; a leather armour; an orc skeleton
Items here: ))) [ a dagger; a robe; a whip; a mace
Things that are here:
a dagger; a robe Firing (i - inventory. (/) - cycle)
d - 96 arrows (quivered)
Aim: a brown ugly thing (severely wounded)
You shoot an arrow.
The arrow closely misses the brown ugly thing.
Firing (i - inventory. (/) - cycle)
d - 95 arrows (quivered)
Aim: a brown ugly thing (severely wounded)
You shoot an arrow.
The arrow barely misses the brown ugly thing.
Firing (i - inventory. (/) - cycle)
d - 94 arrows (quivered)
Aim: a brown ugly thing (severely wounded)
You shoot an arrow.
The arrow hits the brown ugly thing but does no damage.
Firing (i - inventory. (/) - cycle)
d - 93 arrows (quivered)
Aim: a brown ugly thing (severely wounded)
You shoot an arrow.
The arrow hits the brown ugly thing but does no damage.
Firing (i - inventory. (/) - cycle)
d - 92 arrows (quivered)
Really target yourself? [Y]es or [N]o only, please.
Really target yourself?
Okay, then.
Firing (i - inventory. (/) - cycle)
d - 92 arrows (quivered)
Aim: a brown ugly thing (heavily wounded)
You shoot an arrow.
The arrow closely misses the brown ugly thing.
Firing (i - inventory. (/) - cycle)
d - 91 arrows (quivered)
Aim: a brown ugly thing (heavily wounded)
You shoot an arrow. The arrow hits the brown ugly thing.
Firing (i - inventory. (/) - cycle)
d - 90 arrows (quivered)
Aim: a brown ugly thing (severely wounded)
You shoot an arrow.
The arrow hits the brown ugly thing but does no damage.
The brown ugly thing claws you!
* * * LOW HITPOINT WARNING * * *
The acid corrodes you!
You are splashed with acid!
The acid burns!
* * * LOW HITPOINT WARNING * * *
You feel much better. The brown ugly thing claws you!
* * * LOW HITPOINT WARNING * * *
You are splashed with acid!
The acid burns!
* * * LOW HITPOINT WARNING * * *
You feel much better. The brown ugly thing claws you!
* * * LOW HITPOINT WARNING * * *
The acid corrodes you!
You are splashed with acid!
The acid burns!
You die...

##.## ##.# #...#
##..# ##.## #.#
#(#.##### #.### ##..#
#.# ##.#.#.#.#.#### #
#..## #.#
#.(>........# # ####
#.# ##.#.#.#.#.## #
##.###...........# #
#...#(#.#.#.#^#.## #
##...u......(....# ##
##..@#.#.#.#.#.#####.
####........(...##..
##.#.#.#.#)#.....
#..........)÷...#
##.#.#.#.#.##..##
##..##....####...#
##...........)....(
#..###.....>##<....
#..####..##########


You could see a brown ugly thing.

Vanquished Creatures
  Erolcha (D:11)
  3 two-headed ogres
  2 unseen horrors
  A deep elf mage (D:12)
  2 ugly things
  A centaur zombie (D:11)
  Joseph (D:7)
  2 trolls (D:9)
  4 slime creatures (D:12)
  4 hippogriffs
  Sigmund (D:3)
  2 wyverns
  Grum (D:11)
  A basilisk (D:12)
  A yak (D:12)
  3 hungry ghosts
  2 soldier ants (D:12)
  A water moccasin (D:12)
  3 orc warriors
  5 sky beasts
  2 ice beasts
  2 phantoms
  8 ogres
  A necrophage (D:8)
  A crocodile (D:10)
  4 wolves (D:11)
  2 big kobolds
  10 bullfrogs
  A scorpion (D:10)
  19 wights
  3 killer bees (D:9)
  9 howler monkeys
  6 crimson imps
  2 bullfrog zombies (D:12)
  2 centaur skeletons
  6 orc priests
  2 bullfrog skeletons
  4 hounds
  5 jellies
  An iguana (D:7)
  6 orc wizards
  6 worker ants
  A hound skeleton (D:10)
  A worker ant zombie (D:10)
  4 gnolls (D:2)
  8 adders
  2 shadow imps
  2 oozes
  2 adder skeletons (D:5)
  4 worms
  3 dart slugs
  2 leopard geckos (D:4)
  53 orcs
  2 ball pythons
  10 giant cockroaches
  8 goblins
  7 hobgoblins
  12 jackals
  24 kobolds
  6 quokkas
  8 bats
  7 frilled lizards
  A leopard gecko skeleton (D:4)
  A quokka skeleton (D:7)
  9 rats
320 creatures vanquished.

Notes
Turn   | Place    | Note
-------+----------+-------------------------------------------
     0 | D:1      | n0claF the Centaur Hunter began the quest for the Orb.
     0 | D:1      | Reached XP level 1. HP: 17/17 MP: 1/1
   144 | D:1      | Reached XP level 2. HP: 24/24 MP: 2/2
   244 | D:1      | Found a shattered altar of Ashenzari.
   385 | D:1      | Reached skill level 6 in Bows
   620 | D:1      | Reached XP level 3. HP: 30/30 MP: 3/3
  1091 | D:2      | Found a sparkling altar of Nemelex Xobeh.
  1366 | D:2      | Reached XP level 4. HP: 18/37 MP: 4/4
  1665 | D:2      | Found a snail-covered altar of Cheibriados.
  2266 | D:2      | Found a shimmering altar of Xom.
  2382 | D:3      | Noticed a phantom
  2383 | D:3      | Found a basalt altar of Yredelemnul.
  2414 | D:3      | Killed a phantom
  2414 | D:3      | Reached skill level 7 in Bows
  2414 | D:3      | Reached XP level 5. HP: 32/45 MP: 5/5
  2544 | D:3      | Found an iron altar of Okawaru.
  2560 | D:3      | Became a worshipper of Warmaster Okawaru
  2681 | D:3      | Noticed Sigmund
  3081 | D:3      | Killed Sigmund
  3081 | D:3      | Reached * piety under Okawaru
  3081 | D:3      | Reached skill level 8 in Bows
  3081 | D:3      | Reached XP level 6. HP: 51/52 MP: 6/6
  3347 | D:4      | Got a faintly glowing robe
  3358 | D:4      | Identified the +1 robe "Hacoush" {Slay+6} (You found it on
                  | level 4 of the Dungeon)
  3431 | D:4      | Reached XP level 7. HP: 59/59 MP: 7/7
  3522 | D:4      | Reached skill level 9 in Bows
  3540 | D:4      | Found a hide-covered altar of Uskayaw.
  3788 | D:5      | Entered Level 5 of the Dungeon
  3811 | D:5      | Found a sacrificial altar of Ru.
  4050 | D:5      | Noticed a hungry ghost
  4057 | D:5      | Killed a hungry ghost
  4057 | D:5      | Reached ** piety under Okawaru
  4073 | D:5      | Found a staircase to the Ecumenical Temple.
  4200 | D:5      | Reached skill level 5 in Fighting
  4280 | D:5      | Reached skill level 10 in Bows
  4280 | D:5      | Reached XP level 8. HP: 68/68 MP: 8/8
  4374 | D:5      | Found a stormy altar of Qazlal.
  4374 | D:5      | Noticed an air elemental
  4459 | D:6      | Found a glowing golden altar of the Shining One.
  4482 | D:6      | Found Kualapnoux's Book Emporium.
  4612 | D:6      | Found a shadowy altar of Dithmenos.
  5138 | D:7      | Reached *** piety under Okawaru
  5151 | D:7      | Found a stormy altar of Qazlal.
  5171 | D:7      | Reached skill level 11 in Bows
  5309 | D:7      | Found a snail-covered altar of Cheibriados.
  5356 | D:7      | Found a radiant altar of Vehumet.
  5423 | D:7      | Noticed Joseph
  5946 | D:7      | Killed Joseph
  5946 | D:7      | Reached **** piety under Okawaru
  5946 | D:7      | Reached skill level 12 in Bows
  5946 | D:7      | Reached XP level 9. HP: 16/77 MP: 9/9
  6288 | D:7      | Found an opulent altar of Gozag.
  6665 | D:8      | Reached skill level 5 in Dodging
  6872 | D:8      | Noticed a two-headed ogre
  6893 | D:8      | Killed a two-headed ogre
  6893 | D:8      | Reached ***** piety under Okawaru
  6893 | D:8      | Received a gift from Okawaru
  6893 | D:8      | Reached skill level 13 in Bows
  7439 | D:9      | Reached XP level 10. HP: 86/86 MP: 10/10
  7464 | D:9      | Reached skill level 14 in Bows
  7500 | D:9      | Found Geph's Magic Scroll Emporium.
  7610 | D:9      | Bought a scroll of noise for 14 gold pieces
  7610 | D:9      | Bought 2 scrolls of identify for 56 gold pieces
  7610 | D:9      | Bought 2 scrolls of identify for 56 gold pieces
  7610 | D:9      | Bought a scroll of blinking for 105 gold pieces
  7610 | D:9      | Bought a scroll of identify for 28 gold pieces
  7802 | D:9      | Found a staircase to the Lair.
  7975 | D:10     | Entered Level 10 of the Dungeon
  7975 | D:10     | Noticed a two-headed ogre
  8125 | D:10     | Found a snail-covered altar of Cheibriados.
  8190 | D:10     | Killed a two-headed ogre
  8190 | D:10     | Received a gift from Okawaru
  8190 | D:10     | Reached skill level 15 in Bows
  8497 | D:10     | Received a gift from Okawaru
  8549 | D:10     | Killed an unseen horror
  8549 | D:10     | Received a gift from Okawaru
  8991 | D:10     | Found a staircase to the Orcish Mines.
  9085 | D:11     | Reached XP level 11. HP: 95/95 MP: 11/11
  9269 | D:11     | Noticed Erolcha
  9283 | D:11     | Killed Erolcha
  9301 | D:11     | Noticed a purple ugly thing
  9315 | D:11     | Killed a purple ugly thing
  9403 | D:11     | Reached skill level 16 in Bows
  9427 | D:11     | Noticed Grum
  9459 | D:11     | Killed Grum
  9459 | D:11     | Received a gift from Okawaru
  9545 | D:11     | Found a shattered altar of Ashenzari.
  9749 | D:11     | Received a gift from Okawaru
  9866 | D:11     | Noticed a two-headed ogre
  9876 | D:11     | Killed a two-headed ogre
 10516 | D:12     | Noticed a cyan ugly thing
 10543 | D:12     | Killed a cyan ugly thing
 10880 | D:12     | Noticed a deep elf mage
 10884 | D:12     | Killed a deep elf mage
 10927 | D:12     | Reached skill level 17 in Bows
 11072 | D:12     | Found Orub's Antique Weapon Shoppe.
 11273 | D:12     | Killed an unseen horror
 11273 | D:12     | Received a gift from Okawaru
 11623 | D:12     | Reached skill level 10 in Fighting
 11668 | D:12     | Received a gift from Okawaru
 11669 | D:12     | Got a smoking robe {god gift}
 11680 | D:12     | Identified the +2 robe "Moss" {Regen+ SInv} (Okawaru gifted
                  | it to you on level 12 of the Dungeon)
 11684 | D:12     | Noticed a brown ugly thing
 11732 | D:12     | HP: 1/99 [acid (9)]
 11733 | D:12     | Splashed by a brown ugly thing's acid

Skill      XL: |  1  2  3  4  5  6  7  8  9 10 11 |
---------------+----------------------------------+-----
Bows           | 6 7 8 10 12 13 15 17 | 17.3
Dodging        | 2 3 4 5 6 7 |  7.7
Fighting       | 3 4 5 6 7 8 10 | 10.0
Stealth        | |  0.4

Action                   |  1- 3 |  4- 6 |  7- 9 | 10-12 || total
-------------------------+-------+-------+-------+-------++-------
Melee: Spear             |    34 |   104 |     4 |    11 ||   153
       Kick              |     6 |    17 |     1 |     7 ||    31
       Shortbow          |       |     2 |       |       ||     2
       Great sword       |       |       |       |     6 ||     6
 Fire: Shortbow          |   102 |    90 |   348 |   527 ||  1067
  Use: Scroll            |       |       |    18 |     6 ||    24
       Potion            |       |       |       |     3 ||     3
  Eat: Chunk             |       |     6 |     7 |    10 ||    23
       Ration            |       |       |     1 |     1 ||     2
Armor: Leather armour    |    32 |    32 |       |       ||    64
       Robe              |       |       |     9 |    36 ||    45
Dodge: Dodged            |    25 |    52 |    23 |    55 ||   155
